 Dungeon Crawl Stone Soup version 0.18-b1-14-g029dad2 (webtiles) character file.

48 Chiseanne the Magician (level 3, -8/24 HPs)
             Began as a Demonspawn Wizard on Apr 30, 2016.
             Mangled by an orc warrior
             ... wielding a +0 halberd
              (16 damage)
             ... on level 3 of the Dungeon.
             The game lasted 00:04:14 (2693 turns).

Chiseanne the Magician (Demonspawn Wizard)          Turns: 2693, Time: 00:04:15

Health: -8/24      AC:  5    Str:  7    XL:     3   Next: 50%
Magic:  2/8        EV: 12    Int: 20    God:
Gold:   100        SH:  2    Dex: 11    Spells: 4 memorised, 1 level left

rFire  . . .     SeeInvis .     e - +0 whip
rCold  . . .     Gourm    .     a - +0 robe
rNeg   . . .     Faith    .     (no shield)
rPois  .         Spirit   .     b - +1 hat
rElec  .         Dismiss  .     (no cloak)
rCorr  .         Reflect  .     (no gloves)
SustAt .         Harm     .     (no boots)
MR     .....                    (no amulet)
Stlth  ++........               (no ring)
                                (no ring)

@: very slightly contaminated, repel missiles, not resistant to hostile
enchantments, unstealthy
A: large bone plates 1
a: no special abilities


You were on level 3 of the Dungeon.
You were very hungry.

You visited 1 branch of the dungeon, and saw 3 of its levels.

You collected 100 gold pieces.

Inventory:

Hand Weapons
 e - a +0 whip (weapon)
Missiles
 f - 14 arrows
 i - 15 poisoned needles
 j - 6 stones (quivered)
 m - 7 bolts
Armour
 a - a +0 robe (worn)
 b - a +1 hat (worn)
Potions
 g - a potion of haste
 n - a potion of magic {unknown}
Books
 c - a book of Minor Magic

   Spells                             Type                      Level
   a - Magic Dart                     Conjuration                  1
   b - Blink                          Translocation                2
   c - Call Imp                       Summoning                    2
   d - Repel Missiles                 Charms/Air                   2
   e - Slow                           Hexes                        2
   f - Conjure Flame                  Conjuration/Fire             3
   g - Mephitic Cloud                 Conjuration/Poison/Air       3
Comestibles
 d - 2 bread rations
 h - 3 meat rations
 p - a royal jelly


   Skills:
 - Level 1.7 Dodging
 - Level 1.7 Stealth
 * Level 3.6 Spellcasting
 * Level 2.5 Conjurations
   Level 1.0 Summonings
 - Level 0.8 Translocations


You had one spell level left.
You knew the following spells:

 Your Spells              Type           Power        Failure   Level  Hunger
a - Magic Dart            Conj           ##..         6%          1    None
b - Blink                 Tloc           N/A          17%         2    ##.....
c - Repel Missiles        Chrm/Air       #.....       24%         2    ##.....
d - Mephitic Cloud        Conj/Pois/Air  #.......     30%         3    ###....


Dungeon Overview and Level Annotations

Branches:
Dungeon (3/15)

Altars:
The Shining One


Innate Abilities, Weirdness & Mutations

You are partially covered in large bone plates (AC +2, SH +2).


Message History

Aiming: Mephitic Cloud
Press: ? - help, Shift-Dir - straight line, f - orc warrior
Aim: an orc warrior, wielding a halberd and wearing a plate armour You miscast Mephitic Cloud.
You are very lightly contaminated with residual magic.
You hear a whooshing sound.
The orc warrior hits you from afar with a halberd!
Ouch! That really hurt!
Casting: Mephitic Cloud
Confirm with . or Enter, or press ? or * to list all spells.
Aiming: Mephitic Cloud
Press: ? - help, Shift-Dir - straight line, f/p - orc warrior
Aim: an orc warrior, wielding a halberd and wearing a plate armour The ball explodes into a vile cloud!
The stinking cloud engulfs the orc warrior.
You hear a shout! x3
The orc warrior is engulfed in noxious fumes.
The orc warrior hits you from afar with a halberd!
Ouch! That really hurt!
You die...

.......### #######
##........###..#....
##...................
##...........P..⌠.....
.......##...≈P.....$
#.......#.P≈P.....
.####(....#.#§§§..#
..........o..§o.@'#
###..(o...#.##§§##_#
#<.......#......# #
#..#..o..#..###..#
#..###......... ....
o......######## ..#.#
#.###### #...# $. #...
.#


You could see an orc warrior and an orc priest.

Vanquished Creatures
  An ooze (D:1)
  2 giant geckos (D:1)
  2 giant cockroaches (D:2)
  5 goblins
  6 hobgoblins
  4 jackals (D:2)
  A quokka (D:2)
  A ball python (D:1)
  5 bats
  A giant newt (D:1)
  6 kobolds
  5 rats
39 creatures vanquished.

Notes
Turn   | Place    | Note
--------------------------------------------------------------
     0 | D:1      | Chiseanne the Demonspawn Wizard began the quest for the Orb.
     0 | D:1      | Reached XP level 1. HP: 13/13 MP: 4/4
   684 | D:1      | Gained mutation: You are partially covered in large bone plates (AC +2, SH +2). [demonic ancestry]
   684 | D:1      | Reached XP level 2. HP: 19/19 MP: 3/6
  1610 | D:1      | Reached XP level 3. HP: 24/24 MP: 6/8
  2634 | D:3      | Learned a level 2 spell: Blink
  2637 | D:3      | Learned a level 2 spell: Repel Missiles
  2642 | D:3      | Learned a level 3 spell: Mephitic Cloud
  2673 | D:3      | Noticed an orc warrior
  2691 | D:3      | Found a glowing golden altar of the Shining One.
  2693 | D:3      | Mangled by an orc warrior

Skill      XL: |  1  2 |
---------------+-------+-----
Conjurations   | 2 |  2.5
Dodging        | |  1.7
Stealth        | |  1.7
Spellcasting   | |  3.6
Summonings     | |  1.0
Translocations | |  0.8

Action                   || total
-------------------------++-------
Melee: Whip              ||    10
       Unarmed           ||     4
 Cast: Magic Dart        ||    89
       Mephitic Cloud    ||     1
       Repel Missiles    ||     1
  Use: Scroll            ||     7
  Eat: Chunk             ||     4
Armor: Robe              ||    13
Dodge: Dodged            ||    19
       Deflected         ||     1
